 Dungeon Crawl Stone Soup version 0.19.1-28-ge1247f7 (webtiles) character file.

237 Queen the Cudgeler (level 6, -2/55 HPs)
             Began as a Gargoyle Berserker on Jan 21, 2017.
             Was a Priest of Trog.
             Slain by an ogre
             ... wielding a +0 giant club
              (10 damage)
             ... on level 4 of the Dungeon.
             The game lasted 00:05:50 (2902 turns).

Queen the Cudgeler (Gargoyle Berserker)             Turns: 2902, Time: 00:05:50

Health: -2/55      AC: 15    Str: 26    XL:     6   Next: 6%
Magic:  6/6        EV:  9    Int:  7    God:    Trog [***...]
Gold:   138        SH:  0    Dex: 11    Spells: 0 memorised, 5 levels left

rFire  . . .     SeeInvis .     a - +0 mace
rCold  + . .     Gourm    .     B - +0 chain mail
rNeg   + . .     Faith    .     (no shield)
rPois  ∞         Spirit   .     t - +2 hat
rElec  +         Reflect  .     (no cloak)
rCorr  .         Harm     .     (no gloves)
MR     .....                    (no boots)
Stlth  ..........               k - amulet of regeneration
                                (no ring)
                                j - ring of protection from cold

@: berserking, very quick
A: negative energy resistance 1, electricity resistance, unbreathing,
petrification resistance, rot immunity, AC +4
a: Berserk, Trog's Hand, Burn Spellbooks, Renounce Religion


You were on level 4 of the Dungeon.
You worshipped Trog.
Trog was most pleased with you.
You were very hungry.

You visited 1 branch of the dungeon, and saw 4 of its levels.

You collected 138 gold pieces.

Inventory:

Hand Weapons
 a - a +0 mace (weapon)
Armour
 b - a +0 animal skin
 t - a +2 hat (worn)
 B - a +0 chain mail (worn)
Jewellery
 j - a ring of protection from cold (left hand)
 k - an amulet of regeneration (around neck)
Wands
 y - a wand of lightning (7/15)
Scrolls
 e - a scroll of amnesia
 f - a scroll of identify {unknown}
 l - a scroll of enchant armour
 o - a scroll of noise {unknown}
 s - 2 scrolls of remove curse {unknown}
 v - a scroll of enchant weapon {unknown}
 x - a scroll of recharging {unknown}
Potions
 d - 2 potions of might {unknown}
 i - a potion of flight {unknown}
 m - 3 potions of curing {unknown}
 n - 2 potions of haste {unknown}
 r - a potion of heal wounds {unknown}
Comestibles
 c - 3 bread rations
 g - 2 meat rations
 h - a royal jelly
 p - a slice of pizza
 q - 7 chunks of flesh
 u - 2 fruits


   Skills:
 - Level 3.2 Fighting
 + Level 6.6 Maces & Flails
 - Level 2.1 Armour
 - Level 1.5 Dodging


You had 5 spell levels left.
You didn't know any spells.

Dungeon Overview and Level Annotations

Branches:
Dungeon (4/15)
 Temple: D:4-7

Altars:
Nemelex Xobeh


Innate Abilities, Weirdness & Mutations

You are resistant to torment.
Your stone body is resilient. (AC +4)
You are immune to poison.
You resist negative energy. (rN+)
You are resistant to electric shocks. (rElec)
You can survive without breathing.
You are immune to petrification.
You are immune to rotting.


Message History

An ogre comes into view. It is wielding a giant club.
The ogre shouts!
The ogre moves out of view.
The ogre is too close now for your liking.
An ogre is nearby!
An ogre is nearby!
An ogre is nearby!
The ogre hits you with a giant club.
You barely miss the ogre. The ogre hits you with a giant club!
You hit the ogre.
The ogre is moderately wounded.
The ogre hits you with a giant club!
* * * LOW HITPOINT WARNING * * *
You are too injured to fight recklessly!
You are too injured to fight recklessly!
A red film seems to cover your vision as you go berserk!
You feel yourself moving faster!
You feel mighty!
You are feeling very hungry.
The ogre hits you with a giant club!
You die...

##### #...###############
#.#?....O@........#
#...#############.#######
##.## ####........ ...
#......###.# ####
#.###### # #.# # #.# .
#.# .. #.#


You could see an ogre.

Vanquished Creatures
  A hound (D:4)
  A centaur skeleton (D:4)
  7 adders
  An ooze (D:1)
  3 worms
  A dart slug (D:2)
  8 leopard geckos
  2 orcs (D:3)
  2 ball pythons
  14 bats
  5 giant cockroaches
  9 goblins
  8 hobgoblins
  7 jackals
  3 kobolds
  2 quokkas
  2 frilled lizards
  12 rats
88 creatures vanquished.

Notes
Turn   | Place    | Note
-------+----------+-------------------------------------------
     0 | D:1      | Queen the Gargoyle Berserker began the quest for the Orb.
     0 | D:1      | Reached XP level 1. HP: 14/14 MP: 1/1
    45 | D:1      | Reached XP level 2. HP: 10/19 MP: 2/2
   441 | D:1      | Reached skill level 4 in Maces & Flails
   455 | D:1      | Reached XP level 3. HP: 23/23 MP: 3/3
   523 | D:1      | Reached ** piety under Trog
   999 | D:2      | Reached XP level 4. HP: 25/28 MP: 4/4
  1051 | D:2      | Found a sparkling altar of Nemelex Xobeh.
  1280 | D:2      | Reached skill level 5 in Maces & Flails
  1953 | D:3      | Reached XP level 5. HP: 27/32 MP: 5/5
  2012 | D:3      | Reached *** piety under Trog
  2548 | D:3      | Reached skill level 6 in Maces & Flails
  2750 | D:4      | Reached XP level 6. HP: 37/37 MP: 6/6
  2902 | D:4      | Slain by an ogre

Skill      XL: |  1  2  3  4  5 |
---------------+----------------+-----
Maces & Flails | 4 5 6 |  6.6
Fighting       | |  3.2
Armour         | |  2.1
Dodging        | |  1.5

Action                   |  1- 3 |  4- 6 || total
-------------------------+-------+-------++-------
Melee: Mace              |   128 |   196 ||   324
Invok: Burn Spellbooks   |       |     1 ||     1
       Berserk           |       |     1 ||     1
  Use: Scroll            |       |     2 ||     2
  Eat: Chunk             |       |     7 ||     7
Armor: Animal skin       |    65 |    60 ||   125
       Chain mail        |       |    49 ||    49
Dodge: Dodged            |   118 |   121 ||   239
